PL
CHARLESTON BATTERY @ NEW ORLEANS VOODOO
09/24/2041
 
TOP OF THE 1ST
Charleston Battery batting - Pitching for New Orleans Voodoo : LHP Markus Widner
Pitching: LHP Markus Widner
Batting: LHB Rafael Urrutiz 0-0: Ball
1-0: Fly out, F8 (Flyball, 8LD, EV 100.0 MPH)
Batting: LHB Benno Luby 0-0: Ground out U3 (Groundball, 3L, EV 84.4 MPH)
Batting: LHB Joey Coco 0-0: Called Strike
0-1: Ball
1-1: Ball
2-1: SINGLE (Groundball, 4MD, EV 100.6 MPH)
Batting: RHB Doug Allerdale 0-0: Ball
1-0: Ball
2-0: Ball
3-0: Base on Balls
Joey Coco to second
Batting: LHB Datu Lesaca 0-0: Swinging Strike
0-1: Ball
1-1: Fielders Choice at 2nd, U6 (Groundball, 6M, EV 80.0 MPH)
Top of the 1st over - 0 runs, 1 hit, 0 errors, 2 left on base; Charleston 0 - New Orleans 0
BOTTOM OF THE 1ST
New Orleans Voodoo batting - Pitching for Charleston Battery : RHP Melvin Tiburcio
Pitching: RHP Melvin Tiburcio
Batting: RHB Jason Slaybaugh 0-0: Foul Ball, location: 2F
0-1: Called Strike
0-2: DOUBLE (Line Drive, 7LM, EV 111.9 MPH)
Batting: LHB Jonathan Gunner 0-0: Swinging Strike
0-1: Ball
1-1: Ball
2-1: Ball
3-1: Swinging Strike
3-2: DOUBLE (Line Drive, 78M, EV 93.8 MPH)
Jason Slaybaugh scores
Batting: LHB Ruud van Ineveld 0-0: Ball
Wild Pitch!
Jonathan Gunner to third
1-0: Ball
2-0: Ball
3-0: Called Strike
3-1: Base on Balls
Batting: LHB Danny Trautmann 0-0: Ball
1-0: Called Strike
Ruud van Ineveld steals 2nd base
1-1: Called Strike
1-2: Fly out, F8 (Flyball, 8LD, EV 98.1 MPH)
Runner from 3rd tags up, SCORES, throw by CF
Ruud van Ineveld to third
Batting: LHB Aurelius Estrada 0-0: Called Strike
0-1: Foul Ball, location: 2F
0-2: Fly out, F7 (Flyball, 7LDF, EV 93.8 MPH)
Runner from 3rd tags up, SCORES, no throw by LF
Batting: RHB Colm Goodwill 0-0: Ball
1-0: Ball
2-0: Called Strike
2-1: Fly out, F9 (Flyball, 9LD, EV 101.9 MPH)
Bottom of the 1st over - 3 runs, 2 hits, 0 errors, 0 left on base; Charleston 0 - New Orleans 3
TOP OF THE 2ND
Charleston Battery batting - Pitching for New Orleans Voodoo : LHP Markus Widner
Batting: RHB Jaime Espinar 0-0: Ball
1-0: Foul Ball, location: 2F
1-1: Bunt for hit to 23 - play at first, batter safe!
Batting: RHB Vesa Karpinen 0-0: Ball
1-0: Ball
2-0: Called Strike
2-1: Foul Ball, location: 2F
2-2: Foul Ball, location: 2F
2-2: Foul Ball, location: 2F
2-2: Strikes out looking
Batting: LHB Alfonso López 0-0: Ball
1-0: Called Strike
1-1: Swinging Strike
1-2: Ball
2-2: Foul Ball, location: 2F
2-2: Foul Ball, location: 2F
2-2: Foul Ball, location: 2F
2-2: Ball
3-2: Foul Ball, location: 2F
3-2: Base on Balls
Jaime Espinar to second
Batting: RHB Torajiro Ogawa 0-0: Fielders Choice at 2nd, 4-6 (Groundball, 4, EV 105.0 MPH)
Jaime Espinar to third
Batting: LHB Rafael Urrutiz 0-0: Called Strike
0-1: Called Strike
0-2: Ball
1-2: Foul Ball, location: 2F
1-2: Fly out, F9 (Flyball, 9LM, EV 78.8 MPH)
Top of the 2nd over - 0 runs, 1 hit, 0 errors, 2 left on base; Charleston 0 - New Orleans 3
BOTTOM OF THE 2ND
New Orleans Voodoo batting - Pitching for Charleston Battery : RHP Melvin Tiburcio
Batting: LHB Derek Corbin 0-0: Bunted foul
0-1: Ball
1-1: Foul Ball, location: 2F
1-2: Ball
2-2: Foul Ball, location: 2F
2-2: Foul Ball, location: 2F
2-2: Ball
3-2: Fly out, F8 (Flyball, 89D, EV 90.0 MPH)
Batting: SHB Bren Spillane 0-0: Ball
1-0: Ground out 4-3 (Groundball, 34, EV 105.0 MPH)
Batting: LHB Jorge Castillo 0-0: Ball
1-0: Fly out, F7 (Flyball, 7, EV 89.4 MPH)
Bottom of the 2nd over - 0 runs, 0 hits, 0 errors, 0 left on base; Charleston 0 - New Orleans 3
TOP OF THE 3RD
Charleston Battery batting - Pitching for New Orleans Voodoo : LHP Markus Widner
Batting: LHB Benno Luby 0-0: Ball
1-0: Ball
2-0: Ball
3-0: Called Strike
3-1: Base on Balls
Batting: LHB Joey Coco 0-0: Ball
1-0: Called Strike
1-1: Ball
2-1: Ball
3-1: DOUBLE (Line Drive, 9LM, EV 109.4 MPH)
Benno Luby to third
Batting: RHB Doug Allerdale 0-0: Ball
1-0: Ball
2-0: Swinging Strike
2-1: Ball
3-1: Base on Balls
Batting: LHB Datu Lesaca 0-0: Ball
1-0: Foul Ball, location: 2F
1-1: Ball
2-1: Swinging Strike
2-2: Foul Ball, location: 2F
2-2: Fielders Choice at 2nd, 5-4 (Groundball, 56, EV 91.2 MPH)
Benno Luby scores
Joey Coco to third
Batting: RHB Jaime Espinar 0-0: Ball
1-0: Swinging Strike
1-1: Foul Ball, location: 2F
1-2: Ball
2-2: Grounds into double play, 5-4-3 (Groundball, 56S, EV 80.6 MPH)
Top of the 3rd over - 1 run, 1 hit, 0 errors, 1 left on base; Charleston 1 - New Orleans 3
BOTTOM OF THE 3RD
New Orleans Voodoo batting - Pitching for Charleston Battery : RHP Melvin Tiburcio
Batting: RHB Jason Slaybaugh 0-0: Ball
1-0: Ball
2-0: Ball
3-0: Foul Ball, location: 2F
3-1: Called Strike
3-2: Fly out, F8 (Flyball, 78D, EV 92.5 MPH)
Batting: LHB Jonathan Gunner 0-0: Ball
1-0: Foul Ball, location: 2F
1-1: Fly out, F2 (Popup, 15S, EV 77.5 MPH)
Batting: LHB Ruud van Ineveld 0-0: Ball
1-0: Ball
2-0: Foul Ball, location: 2F
2-1: Foul Ball, location: 2F
2-2: Ball
3-2: Fly out, F8 (Flyball, 8LS, EV 89.4 MPH)
Bottom of the 3rd over - 0 runs, 0 hits, 0 errors, 0 left on base; Charleston 1 - New Orleans 3
TOP OF THE 4TH
Charleston Battery batting - Pitching for New Orleans Voodoo : LHP Markus Widner
Batting: RHB Vesa Karpinen 0-0: Ground out 5-3 (Groundball, 5L, EV 97.5 MPH)
Batting: LHB Alfonso López 0-0: Swinging Strike
0-1: Foul Ball, location: 2F
0-2: Fly out, F8 (Flyball, 8RM, EV 92.5 MPH)
Batting: RHB Torajiro Ogawa 0-0: Called Strike
0-1: SINGLE (Flyball, 78S, EV 88.8 MPH)
Batting: LHB Rafael Urrutiz 0-0: Ball
1-0: Foul Ball, location: 2F
1-1: Swinging Strike
1-2: Ball
2-2: Fly out, F4 (Popup, 34, EV 73.1 MPH)
Top of the 4th over - 0 runs, 1 hit, 0 errors, 1 left on base; Charleston 1 - New Orleans 3
BOTTOM OF THE 4TH
New Orleans Voodoo batting - Pitching for Charleston Battery : RHP Melvin Tiburcio
Batting: LHB Danny Trautmann 0-0: Ball
1-0: Called Strike
1-1: Ball
2-1: DOUBLE (Line Drive, 7LM, EV 111.2 MPH)
Batting: LHB Aurelius Estrada 0-0: Ball
1-0: Foul Ball, location: 2F
1-1: Fly out, F8 (Flyball, 8LD, EV 90.0 MPH)
Runner from 2nd tags up, SAFE at 3rd with throw by CF
Batting: RHB Colm Goodwill 0-0: Ground out 5-3 (Groundball, 56S, EV 66.9 MPH)
Danny Trautmann scores
Batting: LHB Derek Corbin 0-0: Ball
1-0: Foul Ball, location: 2F
1-1: Called Strike
1-2: Ball
2-2: Ground out 6-3 (Groundball, 6, EV 84.4 MPH)
Bottom of the 4th over - 1 run, 1 hit, 0 errors, 0 left on base; Charleston 1 - New Orleans 4
TOP OF THE 5TH
Charleston Battery batting - Pitching for New Orleans Voodoo : LHP Markus Widner
Batting: LHB Benno Luby 0-0: Ground out 4-3 (Groundball, 4, EV 83.8 MPH)
Batting: LHB Joey Coco 0-0: Foul Ball, location: 2F
0-1: Called Strike
0-2: Ball
1-2: SINGLE (Groundball, 4MD, EV 97.5 MPH)
Batting: RHB Doug Allerdale 0-0: Ball
1-0: Ball
2-0: Called Strike
2-1: Fly out, F8 (Flyball, 8LD, EV 83.1 MPH)
Batting: LHB Datu Lesaca 0-0: Ball
1-0: Ball
2-0: Ground out 4-3 (Groundball, 4, EV 83.8 MPH)
Top of the 5th over - 0 runs, 1 hit, 0 errors, 1 left on base; Charleston 1 - New Orleans 4
BOTTOM OF THE 5TH
New Orleans Voodoo batting - Pitching for Charleston Battery : RHP Melvin Tiburcio
Batting: SHB Bren Spillane 0-0: Ball
1-0: Fly out, F7 (Line Drive, 7, EV 96.2 MPH)
Batting: LHB Jorge Castillo 0-0: Ball
1-0: Foul Ball, location: 2F
1-1: Ball
2-1: Ball
3-1: Ground out 4-3 (Groundball, 4, EV 106.9 MPH)
Batting: RHB Jason Slaybaugh 0-0: Foul Ball, location: 2F
0-1: SINGLE (Groundball, 56D, EV 101.9 MPH)
Batting: LHB Jonathan Gunner 0-0: Foul Ball, location: 2F
0-1: Foul Ball, location: 2F
0-2: Ball
Wild Pitch!
Jason Slaybaugh to second
1-2: Ground out 6-3 (Groundball, 6, EV 88.1 MPH)
Bottom of the 5th over - 0 runs, 1 hit, 0 errors, 1 left on base; Charleston 1 - New Orleans 4
TOP OF THE 6TH
Charleston Battery batting - Pitching for New Orleans Voodoo : LHP Markus Widner
Batting: RHB Jaime Espinar 0-0: Swinging Strike
0-1: Foul Ball, location: 2F
0-2: Ball
1-2: Ball
2-2: Strikes out swinging
Batting: RHB Vesa Karpinen 0-0: Ball
1-0: Ball
2-0: Called Strike
2-1: Foul Ball, location: 2F
2-2: Foul Ball, location: 2F
2-2: Ball
3-2: SINGLE (Groundball, 6MD, EV 103.1 MPH)
Pitching: RHP Ted Chong
Batting: LHB Alfonso López 0-0: Ball
1-0: Foul Ball, location: 2F
1-1: Ball
2-1: Called Strike
2-2: Ball
3-2: Strikes out swinging
Batting: RHB Torajiro Ogawa 0-0: Ground out 1-3 (Groundball, 34S, EV 85.0 MPH)
Top of the 6th over - 0 runs, 1 hit, 0 errors, 1 left on base; Charleston 1 - New Orleans 4
BOTTOM OF THE 6TH
New Orleans Voodoo batting - Pitching for Charleston Battery : RHP Melvin Tiburcio
Batting: LHB Ruud van Ineveld 0-0: Called Strike
0-1: Called Strike
0-2: Foul Ball, location: 2F
0-2: Ball
1-2: Foul Ball, location: 2F
1-2: SINGLE (Groundball, 34D, EV 100.0 MPH)
Batting: LHB Danny Trautmann 0-0: Foul Ball, location: 2F
0-1: Ball
1-1: Ground out U3 (Groundball, 3, EV 100.6 MPH)
Ruud van Ineveld to second
Batting: LHB Aurelius Estrada 0-0: Foul Ball, location: 2F
0-1: Ground out 4-3 (Groundball, 4, EV 101.2 MPH)
Ruud van Ineveld to third
Batting: RHB Colm Goodwill 0-0: Ball
1-0: Called Strike
1-1: Swinging Strike
1-2: Ball
2-2: Strikes out swinging, 2-3 out at first.
Bottom of the 6th over - 0 runs, 1 hit, 0 errors, 1 left on base; Charleston 1 - New Orleans 4
TOP OF THE 7TH
Charleston Battery batting - Pitching for New Orleans Voodoo : RHP Ted Chong
Batting: LHB Rafael Urrutiz 0-0: Ball
1-0: Foul Ball, location: 2F
1-1: Fly out, F6 (Line Drive, 6, EV 71.9 MPH)
Batting: LHB Benno Luby 0-0: Called Strike
0-1: Ball
1-1: SINGLE (Flyball, 78M, EV 93.1 MPH)
Batting: LHB Joey Coco 0-0: Fly out, F8 (Flyball, 8RM, EV 80.6 MPH)
Batting: RHB Doug Allerdale 0-0: Called Strike
0-1: Foul Ball, location: 2F
0-2: Ball
1-2: Ball
2-2: Fielders Choice at 2nd, 5-4 (Groundball, 56, EV 108.8 MPH)
Top of the 7th over - 0 runs, 1 hit, 0 errors, 1 left on base; Charleston 1 - New Orleans 4
BOTTOM OF THE 7TH
New Orleans Voodoo batting - Pitching for Charleston Battery : RHP Melvin Tiburcio
Batting: LHB Derek Corbin 0-0: Fly out, F5 (Popup, 5S, EV 84.4 MPH)
Batting: SHB Bren Spillane 0-0: Reached on error, E5 (Groundball, 56S, EV 71.9 MPH)
Batting: LHB Jorge Castillo 0-0: Ground out 3-1 (Groundball, 34, EV 87.5 MPH)
Bren Spillane to third
Pitching: RHP Juan Delgado
Batting: RHB Jason Slaybaugh 0-0: Ball
1-0: SINGLE (Groundball, 6, EV 86.2 MPH) (infield hit)
Bren Spillane scores
Batting: LHB Jonathan Gunner 0-0: Ball
1-0: Foul Ball, location: 2F
1-1: Ball
2-1: SINGLE (Line Drive, 56, EV 95.6 MPH)
Jason Slaybaugh to second
Batting: LHB Ruud van Ineveld 0-0: Ground out 4-3 (Groundball, 4, EV 85.0 MPH)
Bottom of the 7th over - 1 run, 2 hits, 1 error, 2 left on base; Charleston 1 - New Orleans 5
TOP OF THE 8TH
Charleston Battery batting - Pitching for New Orleans Voodoo : RHP Ted Chong
Batting: LHB Datu Lesaca 0-0: Ball
1-0: Ball
2-0: Ball
3-0: Called Strike
3-1: Fly out, F4 (Popup, 4M, EV 76.9 MPH)
Batting: RHB Jaime Espinar 0-0: Ball
1-0: SOLO HOME RUN (Flyball, 89XD, EV 108.8 MPH), Distance : 388 ft
Batting: RHB Vesa Karpinen 0-0: Ground out 4-3 (Groundball, 4D, EV 104.4 MPH)
Batting: LHB Alfonso López 0-0: Foul Ball, location: 2F
0-1: SINGLE (Groundball, 4MD, EV 95.0 MPH)
Batting: RHB Torajiro Ogawa 0-0: Ball
1-0: Foul Ball, location: 2F
1-1: Foul Ball, location: 2F
1-2: Strikes out looking
Top of the 8th over - 1 run, 2 hits, 0 errors, 1 left on base; Charleston 2 - New Orleans 5
BOTTOM OF THE 8TH
New Orleans Voodoo batting - Pitching for Charleston Battery : RHP Juan Delgado
Batting: LHB Danny Trautmann 0-0: Ball
1-0: Called Strike
1-1: Ball
2-1: Ball
3-1: SINGLE (Groundball, 5D, EV 97.5 MPH)
Pitching: LHP Dean Cross
Batting: LHB Aurelius Estrada 0-0: Foul Ball, location: 2F
0-1: Ball
1-1: Foul Ball, location: 2F
1-2: 2-RUN HOME RUN (Flyball, 9D, EV 94.4 MPH), Distance : 355 ft
Batting: RHB Colm Goodwill 0-0: SOLO HOME RUN (Line Drive, 7LD, EV 96.2 MPH), Distance : 330 ft
Batting: LHB Derek Corbin 0-0: Fly out, F6 (Line Drive, 6, EV 70.0 MPH)
Batting: SHB Bren Spillane 0-0: Swinging Strike
0-1: Ball
1-1: Fly out, F7 (Flyball, 7, EV 83.1 MPH)
Batting: LHB Jorge Castillo 0-0: Ball
1-0: Ball
2-0: Called Strike
2-1: Foul Ball, location: 2F
2-2: Foul Ball, location: 2F
2-2: Foul Ball, location: 2F
2-2: Strikes out swinging
Bottom of the 8th over - 3 runs, 3 hits, 0 errors, 0 left on base; Charleston 2 - New Orleans 8
TOP OF THE 9TH
Charleston Battery batting - Pitching for New Orleans Voodoo : RHP Ted Chong
Batting: LHB Rafael Urrutiz 0-0: Ball
1-0: Ball
2-0: SINGLE (Line Drive, 5D, EV 98.8 MPH)
Batting: LHB Benno Luby 0-0: Ball
1-0: Ball
2-0: SINGLE (Line Drive, 9S, EV 100.0 MPH)
Rafael Urrutiz to second
Batting: LHB Joey Coco 0-0: Ball
1-0: Swinging Strike
1-1: Foul Ball, location: 2F
1-2: Ball
2-2: Strikes out looking
Batting: RHB Doug Allerdale 0-0: Foul Ball, location: 2F
0-1: Ball
1-1: Foul Ball, location: 2F
1-2: Foul Ball, location: 2F
1-2: Foul Ball, location: 2F
1-2: Strikes out swinging
Batting: LHB Datu Lesaca 0-0: Ball
1-0: Swinging Strike
Passed Ball!
Rafael Urrutiz to third
Benno Luby to second
1-1: Ground out 4-3 (Groundball, 34D, EV 106.2 MPH)
Top of the 9th over - 0 runs, 2 hits, 0 errors, 2 left on base; Charleston 2 - New Orleans 8
Tuesday, January 5th, 2021 - OOTP Baseball 20.8 Build 74